Map: Dusty Gorge

Players

Sliph

  • Race: Protoss Protoss
  • League: Gold
  • Spawn Location: 11:00

JonGoodman

  • Race: Zerg Zerg
  • League: Diamond
  • Spawn Location: 9:00

MonstroTown

  • Race: Terran Terran
  • Spawn Location: 3:00

Michael

  • Race: Zerg Zerg
  • League: Gold
  • Spawn Location: 5:00

VOD

Have the link to the VOD?

Description

Time

  • Played on: Sept. 15, 2018, 12:53 p.m.
  • Length: 6:43
Show
View Real Time Build Order
Export as new Build Order

Sliph Protoss 

Build Orders: Blink Stalkers 

Get SALT Encoding   

  12  0:00  Probe  
  13  0:15  Pylon  
  13  0:17  Probe  
  14  0:25  Probe  
  15  0:36  Probe  
  15  0:38  Gateway  
  16  0:48  Probe  
  17  1:00  Probe  
  17  1:01  Assimilator  
  17  1:03  Pylon  
  18  1:12  Probe  
  18  1:17  Assimilator  
  19  1:24  Probe  
  20  1:33  Zealot, Cybernetics Core  
  20  1:36  Probe  
  23  1:48  Probe  
  24  1:58  Pylon  
  24  2:12  Twilight Council, Warp Gate  
  24  2:18  Stalker  
  24  2:22  Probe  
  27  2:28  Blink  
  27  2:36  Gateway x2  
  27  2:45  Probe  
  28  2:54  Shield Battery  
  28  3:08  Pylon  
  28  3:19  Stalker  
  28  3:27  Stalker  
  28  3:28  Stalker  
  34  3:41  Gateway  
  34  4:05  Pylon  
  30  4:27  Resonating Glaives  
  30  4:29  Zealot x2  
  30  4:30  Zealot  
  36  4:46  Pylon  
  36  4:50  Nexus  
  36  4:57  Probe  
  37  5:00  Adept  
  37  5:01  Adept  
  41  5:09  Probe  
  42  5:41  Stalker  
  42  5:42  Adept x2  
  44  5:43  Zealot  
  48  6:01  Pylon  
  48  6:09  Probe  
  49  6:12  Assimilator  
  49  6:15  Dark Shrine  
  49  6:22  Probe  
  49  6:24  Gateway  
  50  6:26  Adept  
  50  6:27  Adept x2  
Show
View Real Time Build Order
Export as new Build Order

JonGoodman Zerg 

Build Orders: Pool Only, Ravager All-In 

Get SALT Encoding   

  12  0:20  Spawning Pool  
  11  0:23  Drone  
  11  0:27  Drone  
  13  0:32  Drone  
  14  0:42  Overlord  
  14  0:52  Extractor  
  14  0:53  Drone  
  14  1:01  Drone  
  15  1:06  Extractor  
  15  1:09  Roach Warren  
  13  1:12  Drone  
  14  1:22  Overlord  
  14  1:50  Roach x2  
  14  1:51  Roach  
  22  2:01  Roach  
  22  2:12  Roach  
  24  2:33  Ravager x3  
  27  2:38  Roach  
  27  2:42  Overlord  
  29  2:50  Ravager  
  30  3:14  Roach x2  
  34  3:30  Ravager x2  
  36  3:55  Roach x3  
  24  4:24  Roach x2  
  24  4:25  Queen  
  26  4:44  Roach x2  
  30  4:56  Roach  
  32  5:04  Ravager x3  
  35  5:14  Ravager x2  
  37  5:40  Overlord  
  37  5:55  Overlord  
  37  6:09  Roach x3  
  43  6:18  Ravager x3  
Show
View Real Time Build Order
Export as new Build Order

MonstroTown Terran 

Build Orders: Reaper Expand 

Get SALT Encoding   

  12  0:01  SCV  
  13  0:13  SCV  
  14  0:18  Supply Depot  
  14  0:25  SCV  
  15  0:40  SCV  
  15  0:42  Barracks  
  16  0:46  Refinery  
  16  0:52  SCV  
  17  1:04  SCV  
  18  1:16  SCV  
  19  1:29  Orbital Command  
  19  1:30  Reaper  
  20  1:45  Command Center  
  20  1:52  Refinery  
  20  1:56  SCV  
  21  2:02  Barracks Reactor  
  21  2:06  Supply Depot  
  21  2:19  Barracks  
  21  2:29  SCV  
  22  2:41  Marine x2  
  24  2:44  Bunker  
  24  2:51  Bunker  
  24  2:59  Factory  
  24  3:04  Marine  
  21  3:15  Barracks Tech Lab  
  21  3:17  Marine  
  21  3:22  Supply Depot  
  20  3:27  Marine  
  21  3:46  Marauder  
  4  4:29  Marauder  
  6  4:32  SCV  
  7  4:40  SCV  
  8  4:51  Factory Tech Lab  
  8  4:53  Marauder  
  8  4:55  SCV  
  8  4:57  Orbital Command  
  10  5:07  SCV  
  10  5:11  Siege Tank  
  14  5:14  Marauder  
  14  5:19  SCV  
  8  5:53  Marauder  
Show
View Real Time Build Order
Export as new Build Order

Michael Zerg 

Build Orders: Hatch First 

Get SALT Encoding   

  12  0:01  Drone  
  13  0:12  Overlord  
  13  0:18  Drone  
  14  0:31  Drone x2  
  14  0:34  Drone  
  17  0:45  Drone  
  18  0:59  Hatchery  
  18  1:00  Drone  
  18  1:07  Extractor  
  17  1:16  Spawning Pool  
  16  1:19  Drone  
  16  1:22  Drone  
  18  1:28  Drone  
  19  1:39  Drone  
  20  1:49  Overlord  
  20  2:04  Queen  
  22  2:10  Zergling x2  
  22  2:13  Zergling x4  
  24  2:23  Queen  
  24  2:24  Roach Warren  
  24  2:27  Drone  
  26  2:35  Metabolic Boost  
  26  2:40  Drone  
  26  2:43  Drone  
  28  2:48  Drone  
  28  2:50  Drone  
  30  2:54  Zergling x2  
  31  3:04  Zergling x2  
  31  3:05  Zergling x2  
  33  3:19  Zergling x4  
  36  3:20  Zergling x2  
  36  3:21  Overlord  
  36  3:23  Overlord  
  36  3:45  Zergling x14  
  42  3:57  Zergling x8  
  42  4:02  Zergling x2  
  32  4:57  Roach x2  
  32  4:58  Roach x3  
  32  4:59  Overlord  
  43  5:07  Zergling x2  
  43  5:11  Overlord  
  41  5:22  Zergling x12  
  43  5:41  Zergling x12  
  41  5:45  Zergling x4  
  41  5:51  Zergling x2  
  42  6:06  Roach x2  
  42  6:10  Roach  
  48  6:17  Spine Crawler  
  47  6:21  Zergling x2  
  47  6:22  Zergling x2  
Tags
 
Add a new tag
Caveats
  • Supply blocks, unpowered buildings, or Contaminate may cause inaccurate times.
  • Supply counts are checked every 10 seconds.